 Dungeon Crawl Stone Soup version 0.20.0-10-g0535bb4 (webtiles) character file.

1773 kuniqs the Covered (level 8, -3/73 HPs)
             Began as a Minotaur Fighter on June 3, 2017.
             Was a Follower of Ashenzari.
             Killed from afar by an electric eel (12 damage)
             ... with a bolt of electricity
             ... on level 7 of the Dungeon.
             The game lasted 00:08:15 (5596 turns).

kuniqs the Covered (Minotaur Fighter)               Turns: 5596, Time: 00:08:16

Health: -3/73      AC: 14    Str: 20    XL:     8   Next: 80%
Magic:  7/7        EV:  7    Int:  5    God:    Ashenzari [*.....]
Gold:   447        SH: 11    Dex: 13    Spells: 7/7 levels left

rFire    . . .     SeeInvis .   a - +0 war axe
rCold    . . .     Gourm    .   c - +1 shield
rNeg     . . .     Faith    .   G - +0 plate armour
rPois    .         Spirit   .   (helmet restricted)
rElec    .         Reflect  .   (no cloak)
rCorr    +         Harm     .   g - +0 pair of gloves
MR       .....                  (no boots)
Stlth    ..........             (no amulet)
Regen    0.3/turn               p - ring of resist corrosion
MPRegen  0.1/turn               (no ring)

@: no status effects
A: retaliatory headbutt, horns 2
a: Curse Item, Scrying, Renounce Religion


You were on level 7 of the Dungeon.
You worshipped Ashenzari.
Ashenzari was aware of your devotion.
You were hungry.

You visited 1 branch of the dungeon, and saw 7 of its levels.

You collected 447 gold pieces.

Inventory:

Hand Weapons
 a - a +0 war axe (weapon)
Armour
 c - a +1 shield (worn)
 g - a +0 pair of gloves (worn)
 G - a +0 plate armour (worn)
Jewellery
 p - a ring of resist corrosion (left hand)
Wands
 w - a wand of flame (24/48)
 D - a wand of flame (21/48)
Scrolls
 h - a scroll of fear {unknown}
 i - a scroll of recharging {unknown}
 j - 2 scrolls of enchant armour
 n - 2 scrolls of remove curse {@r2}
 s - 2 scrolls of random uselessness {unknown}
 u - a scroll of enchant weapon {unknown}
 z - a scroll of teleportation {unknown}
 A - a scroll of fog {unknown}
 E - a scroll of magic mapping {unknown}
 F - a scroll of identify {@r1}
Potions
 k - 2 potions of haste
 l - a potion of agility
 m - a potion of flight
 o - a potion of heal wounds
 q - a potion of degeneration {unknown}
 r - a potion of invisibility
 t - a potion of resistance
 v - a potion of curing {@q1}
 x - a potion of berserk rage
 B - 2 potions of might
 C - 2 potions of ambrosia
Comestibles
 b - 8 chunks of flesh
 d - 6 bread rations
 e - 5 meat rations
 f - 4 fruits
 H - a royal jelly


   Skills:
 + Level 7.2 Fighting
 + Level 6.6 Axes
 + Level 7.3 Armour
 + Level 5.1 Dodging
 + Level 6.7 Shields


You had 7 spell levels left.
You didn't know any spells.

Dungeon Overview and Level Annotations

Branches:
Dungeon (7/15)
 Temple: D:4-7

Altars:
Ashenzari
Makhleb
Vehumet


Innate Abilities, Weirdness & Mutations

You reflexively headbutt those who attack you in melee.
You have a pair of horns on your head.


Message History

The bolt of electricity hits you!
You hit the electric eel.
The electric eel is heavily wounded.
The electric eel shoots out a bolt of lightning at you!
The bolt of electricity hits you!
The electric eel shoots out a bolt of lightning at you!
The bolt of electricity hits you!
You hit the electric eel. Your headbutt misses the electric eel.
The electric eel is severely wounded.
The electric eel shoots out a bolt of lightning at you!
The bolt of electricity hits you!
The electric eel shoots out a bolt of lightning at you!
The bolt of electricity hits you!
* * * LOW HITPOINT WARNING * * *
The electric eel shoots out a bolt of lightning at you!
The bolt of electricity hits you!
* * * LOW HITPOINT WARNING * * *
The electric eel shoots out a bolt of lightning at you!
The bolt of electricity hits you!
You die...

#.... ≈≈≈≈≈≈≈
#....♣≈≈≈≈≈≈≈≈ .
#.....≈≈≈≈;≈≈≈
..#.....≈≈≈P≈P≈P≈
...≈≈≈..P≈≈≈≈P≈≈≈≈
...≈≈♣;.≈≈PPP≈P≈≈≈≈
#≈≈...≈PP≈P.≈≈≈≈≈.
..[#....≈≈.≈......≈.
#..#...@..........
##.................
#####.........# .#
##........#..#
#........#.# #
##.........# ..
##.÷.##.....#### #.
##....##........
#.####...###.........


You could see 2 electric eels.

Vanquished Creatures
  Sigmund (D:3)
  Duvessa (D:5)
  An orc warrior (D:5)
  A sky beast (D:6)
  2 ogres (D:4)
  2 centaurs
  A bullfrog (D:6)
  Dowan (D:5)
  2 scorpions
  2 crimson imps
  2 hounds
  4 orc wizards
  A bullfrog skeleton (D:3)
  3 orc priests
  A centaur skeleton (D:6)
  2 iguanas (D:7)
  5 worker ants
  A hound zombie (D:6)
  4 gnolls (D:6)
  3 adders
  A shadow imp (D:5)
  2 oozes
  A worm (D:3)
  13 dart slugs
  3 leopard geckos
  15 orcs
  14 giant cockroaches
  4 goblins
  10 hobgoblins
  8 jackals (D:6)
  A quokka (D:5)
  A ball python (D:3)
  A ball python zombie (D:5)
  8 bats
  2 frilled lizards
  A jackal skeleton (D:4)
  5 kobolds
  8 rats
138 creatures vanquished.

Notes
Turn   | Place    | Note
-------+----------+-------------------------------------------
     0 | D:1      | kuniqs the Minotaur Fighter began the quest for the Orb.
     0 | D:1      | Reached XP level 1. HP: 19/19 MP: 0/0
   100 | D:1      | Reached XP level 2. HP: 27/27 MP: 1/1
   392 | D:1      | Reached XP level 3. HP: 33/33 MP: 2/2
   558 | D:2      | Reached skill level 1 in Dodging
   818 | D:2      | Found a radiant altar of Vehumet.
   818 | D:2      | Found a burning altar of Makhleb.
  1249 | D:3      | Noticed Sigmund
  1361 | D:3      | Reached XP level 4. HP: 40/40 MP: 3/3
  1369 | D:4      | Noticed an ogre
  1374 | D:4      | Killed an ogre
  1374 | D:4      | Reached XP level 5. HP: 36/47 MP: 4/4
  1577 | D:4      | Noticed a centaur
  1585 | D:4      | Killed a centaur
  1585 | D:4      | Reached skill level 5 in Armour
  1585 | D:4      | Reached XP level 6. HP: 49/55 MP: 5/5
  1626 | D:4      | Reached skill level 5 in Fighting
  2127 | D:5      | Entered Level 5 of the Dungeon
  2176 | D:5      | Reached skill level 5 in Shields
  2314 | D:5      | Reached XP level 7. HP: 45/61 MP: 6/6
  2510 | D:5      | Noticed Dowan
  2523 | D:5      | Killed Dowan
  2527 | D:5      | Noticed Duvessa
  2541 | D:5      | Killed Duvessa
  2541 | D:5      | Reached skill level 5 in Axes
  3577 | D:3      | Killed Sigmund
  3577 | D:3      | Reached XP level 8. HP: 68/71 MP: 7/7
  4066 | D:3      | Found a faded altar of an unknown god.
  4096 | D:3      | Became a worshipper of Ashenzari the Shackled
  4096 | D:3      | Reached * piety under Ashenzari
  4826 | D:6      | Reached skill level 5 in Dodging
  5596 | D:7      | Killed from afar by an electric eel

Skill      XL: |  1  2  3  4  5  6  7  8 |
---------------+-------------------------+-----
Armour         | 4 5 6 7 |  7.3
Dodging        | 1 2 3 4 5 |  5.1
Axes           | 3 4 5 6 |  6.6
Fighting       | 4 5 6 7 |  7.2
Shields        | 4 5 6 |  6.7

Action                   |  1- 3 |  4- 6 |  7- 9 || total
-------------------------+-------+-------+-------++-------
Melee: War axe           |    93 |    80 |   252 ||   425
       Headbutt          |    13 |    20 |    48 ||    81
  Use: Scroll            |       |     2 |     7 ||     9
       Potion            |       |     1 |     5 ||     6
  Eat: Chunk             |     1 |     4 |    10 ||    15
Armor: Scale mail        |    61 |    23 |    39 ||   123
       Plate armour      |       |       |    50 ||    50
Dodge: Dodged            |    28 |    28 |    65 ||   121
Block: Shield            |    63 |    38 |   139 ||   240
